 Dungeon Crawl Stone Soup version 0.23-a0-14-g8c9a20f (webtiles) character file.

240 Amnesiac the Conjurer (level 5, -11/35 HPs)
             Began as a Mummy Conjurer on Aug 2, 2018.
             Mangled by an ogre
             ... wielding a +0 giant club
              (24 damage)
             ... on level 5 of the Dungeon.
             The game lasted 00:04:20 (1706 turns).

Amnesiac the Conjurer (Mummy Conjurer)              Turns: 1706, Time: 00:04:21

Health: -11/35     AC:  2    Str: 12    XL:     5   Next: 79%
Magic:  5/12       EV: 12    Int: 15    God:
Gold:   145        SH:  0    Dex: 12    Spells: 3/14 levels left

rFire    x . .     SeeInvis .   a - +0 hunting sling
rCold    + . .     Gourm    .   (no shield)
rNeg     + + +     Faith    .   g - +0 robe
rPois    ∞         Spirit   .   (no helmet)
rElec    .         Reflect  .   (no cloak)
rCorr    .         Harm     .   (no gloves)
MR       +....                  (no boots)
Stlth    ++........             (no amulet)
HPRegen  0.11/turn              d - ring of protection from magic
MPRegen  0.13/turn              (no ring)

@: very slightly contaminated
A: no food or potions, fire vulnerability, cold resistance 1, negative energy
resistance 3, torment resistance, unbreathing
a: no special abilities


You were on level 5 of the Dungeon.
You were not hungry.

You visited 1 branch of the dungeon, and saw 6 of its levels.

You collected 145 gold pieces.

Inventory:

Hand Weapons
 a - a +0 hunting sling (weapon)
 b - a +0 short sword
Missiles
 h - 28 stones
 i - 77 sling bullets (quivered)
Armour
 g - a +0 robe (worn)
Jewellery
 d - a ring of protection from magic (left hand)
Wands
 k - a wand of digging (9)
Scrolls
 c - 2 scrolls of teleportation {!r}
 e - a scroll of fear {!r}
 j - a scroll of magic mapping {!r}
 l - a scroll of remove curse {!r}


   Skills:
 - Level 1.5 Dodging
 - Level 1.5 Stealth
 + Level 5.0 Spellcasting
 * Level 5.1 Conjurations


You had 3 spell levels left.
You knew the following spells:

 Your Spells              Type           Power        Failure   Level  Hunger
a - Magic Dart            Conj           ###.         1%          1    N/A
b - Iskenderun's Mystic   Conj           ###.....     21%         4    N/A
d - Searing Ray           Conj           ###...       3%          2    N/A
q - Fulminant Prism       Conj/Hex       ##........   50%         4    N/A

Your spell library contained the following spells:

 Spells                   Type           Power        Failure   Level  Hunger
 Dazzling Spray           Conj/Hex       ##....       17%         3    N/A
 Force Lance              Conj/Tloc      ##......     50%         4    N/A

Dungeon Overview and Level Annotations

Branches:
Dungeon (6/15)
 Temple: D:4-7

Altars:
Elyvilon
Fedhas
Qazlal
Xom

Annotations:
D:5 Sigmund


Innate Abilities, Weirdness & Mutations

You do not eat or drink.
Your flesh is vulnerable to fire.
You are immune to poison.
Your flesh is cold resistant. (rC+)
You are immune to negative energy. (rN+++)
You are immune to unholy pain and torment.
You can survive without breathing.


Message History

j - a scroll of magic mapping {!r} The crimson imp blinks!
What are your orders? t - Shout!
Orders for allies: a - Attack new target. r - Retreat! s - Stop attacking. g - Guard the area. f - Follow me.
Anything else - Cancel.
You shout for attention!
Your surroundings suddenly seem different.
An ogre and a zombie come into view.
Casting: Searing Ray (safe; 3% risk of failure)
Confirm with . or Enter, or press ? or * to list all spells.
Aiming: Searing Ray (safe; 3% risk of failure)
Press: ? - help, Shift-Dir - straight line, f - hound zombie
Aim: a hound zombie The searing ray misses the hound zombie. (Press . to maintain the ray.)
The ogre shouts!
The searing ray hits the hound zombie.
The hound zombie is moderately damaged.
The searing ray hits the hound zombie.
The hound zombie is heavily damaged.
The hound zombie bites you.
The searing ray hits the hound zombie.
The hound zombie is severely damaged.
The searing ray hits the ogre.
The ogre is moderately wounded.
You finish channeling your searing ray.
The hound zombie bites you.
* * * LOW HITPOINT WARNING * * *
The hound zombie bites you but does no damage.
The hound zombie completely misses you. The hound zombie bites you.
* * * LOW HITPOINT WARNING * * *
Casting: Searing Ray (safe; 3% risk of failure)
Confirm with . or Enter, or press ? or * to list all spells.
Aiming: Searing Ray (safe; 3% risk of failure)
Press: ? - help, Shift-Dir - straight line, f/p - hound zombie
Aim: a hound zombie (severely damaged)
Okay, then.
The hound zombie barely misses you. The hound zombie barely misses you.
The hound zombie bites you.
* * * LOW HITPOINT WARNING * * *
Evoke which item? (* to show all) (? for menu, Esc to quit)
Okay, then.
Casting: Searing Ray (safe; 3% risk of failure)
Confirm with . or Enter, or press ? or * to list all spells.
Aiming: Searing Ray (safe; 3% risk of failure)
Press: ? - help, Shift-Dir - straight line, f/p - hound zombie
Aim: a hound zombie (severely damaged)
The searing ray misses the hound zombie.
The searing ray hits the ogre.
The ogre is heavily wounded. (Press . to maintain the ray.)
The hound zombie barely misses you. The hound zombie misses you.
The searing ray hits the hound zombie.
You destroy the hound zombie!
Your Spellcasting skill increases to level 5!
The searing ray hits the ogre.
The ogre is severely wounded.
The ogre hits you with a giant club!!
Ouch! That really hurt!
You die...

#....######...#
#.............###
#................
##...........####
#...........##.#
#..............#
#...........##.#
#####.#.######O#
#.#.# #@# #.#.#
#.# #.#.# #.# #.
#.# #.# ..# ###


You could see an ogre.

Vanquished Creatures
  2 scorpions (D:4)
  A howler monkey (D:4)
  A centaur skeleton (D:4)
  A worker ant (D:4)
  A hound zombie (D:5)
  An adder (D:4)
  A worm (D:4)
  4 orcs
  2 giant cockroaches
  A goblin (D:3)
  2 hobgoblins
  3 kobolds
  A quokka (D:4)
  3 ball pythons
  A bat (D:2)
  A quokka skeleton (D:4)
26 creatures vanquished.

Vanquished Creatures (others)
  A worker ant (D:5)
1 creature vanquished.

Grand Total: 27 creatures vanquished

Notes
Turn   | Place    | Note
-------+----------+-------------------------------------------
     0 | D:1      | Amnesiac the Mummy Conjurer began the quest for the Orb.
     0 | D:1      | Reached XP level 1. HP: 13/13 MP: 4/4
   360 | D:3      | Reached XP level 2. HP: 19/19 MP: 4/6
   365 | D:3      | Learned a level 2 spell: Searing Ray
   762 | D:4      | Noticed a howler monkey
   770 | D:4      | Killed a howler monkey
   770 | D:4      | Reached XP level 3. HP: 16/24 MP: 1/8
   844 | D:4      | Noticed a scorpion
   865 | D:4      | Killed a scorpion
   865 | D:4      | Reached XP level 4. HP: 5/30 MP: 2/10
  1107 | D:4      | Reached XP level 5. HP: 34/35 MP: 6/11
  1113 | D:4      | Learned a level 4 spell: Iskenderun's Mystic Blast
  1143 | D:4      | Learned a level 4 spell: Fulminant Prism
  1172 | D:5      | Entered Level 5 of the Dungeon
  1321 | D:4      | Found a stormy altar of Qazlal.
  1346 | D:4      | Found a blossoming altar of Fedhas.
  1441 | D:4      | Reached skill level 5 in Conjurations
  1481 | D:4      | Found a white marble altar of Elyvilon.
  1620 | D:5      | Found a shimmering altar of Xom.
  1620 | D:5      | Noticed an ogre
  1620 | D:5      | Noticed an ogre
  1665 | D:5      | Noticed Sigmund
  1667 | D:5      | Noticed a centaur
  1684 | D:5      | Noticed an ogre
  1705 | D:5      | Reached skill level 5 in Spellcasting
  1706 | D:5      | Mangled by an ogre

Vault maps used:
D:1:      lightli_arrival_maybe_door_vault
D:2:      overflow_temple_1_default, uniq_terence
D:3:      first_ration
D:4:      nicolae_qazlal_eye_of_the_storm, lemuel_doored_altar,
          elyvilon_altar_4, st_stairs_13
D:5:      lemuel_castle_with_subvaults, makhleb_blood_cavern_becter,
          gammafunk_temple_overflow_forgotten, xom_confusion_cloud, uniq_sigmund
D:6:      led_sif_book, nicolae_dithmenos_through_a_glass_darkly, minitemple,
          temple_hall, gammafunk_ghost_cemetery, trog_ov_bears_minmay,
          uniq_crazy_yiuf_cottage

Skill      XL: |  1  2  3  4  5 |
---------------+----------------+-----
Spellcasting   | 3 4 5 |  5.0
Conjurations   | 4 5 |  5.1
Dodging        | |  1.5
Stealth        | |  1.5

Action                   |  1- 3 |  4- 6 || total
-------------------------+-------+-------++-------
Melee: Short sword       |     3 |       ||     3
 Fire: Hunting sling     |     9 |     8 ||    17
 Cast: Magic Dart        |    18 |     6 ||    24
       Searing Ray       |     6 |    10 ||    16
  Use: Scroll            |       |     5 ||     5
Armor: Robe              |     3 |     2 ||     5
Dodge: Dodged            |     7 |    18 ||    25

Table legend:
 A = Spawn XP
 B = Non-spawn XP
 C = Spawn XP percentage of total XP
 D = Spawn monster count
 E = Non-spawn monster count
 F = Spawn count percentage of total count
 G = Total turns spent on level
                    A         B        C        D         E        F      G
               +---------+---------+-------+---------+---------+-------+---------
         Total |       0 |     343 |   0.0 |       0 |      26 |   0.0 |  1706
               +---------+---------+-------+---------+---------+-------+---------
           D:1 |       0 |       4 |   0.0 |       0 |       2 |   0.0 |   200
           D:2 |       0 |       5 |   0.0 |       0 |       4 |   0.0 |   221
           D:3 |       0 |      10 |   0.0 |       0 |       5 |   0.0 |   341
           D:4 |       0 |     301 |   0.0 |       0 |      13 |   0.0 |   854
           D:5 |       0 |      20 |   0.0 |       0 |       1 |   0.0 |    60
           D:6 |       0 |       3 |   0.0 |       0 |       1 |   0.0 |    30
               +---------+---------+-------+---------+---------+-------+---------
